 Dungeon Crawl Stone Soup version 0.22.0-13-g43fe8f2 (webtiles) character file.

93 bosm the Ruffian (level 4, 0/34 HPs)
             Began as a Formicid Transmuter on Aug 16, 2018.
             Slain by Grinder (5 damage)
             ... on level 2 of the Dungeon.
             The game lasted 00:06:10 (2438 turns).

bosm the Ruffian (Formicid Transmuter)              Turns: 2438, Time: 00:06:12

Health: 0/34       AC:  6    Str: 13 (16) XL:     4   Next: 91%
Magic:  7/7        EV: 11    Int: 10 (12) God:
Gold:   145        SH:  0    Dex: 10 (11) Spells: 6/7 levels left

rFire    . . .     SeeInvis +   i - +0 hand axe
rCold    . . .     Gourm    .   (no shield)
rNeg     . . .     Faith    .   h - +0 ring mail
rPois    .         Spirit   .   (helmet unavailable)
rElec    .         Reflect  .   k - +0 cloak
rCorr    .         Harm     .   (no gloves)
MR       .....                  (no boots)
Stlth    ..........             (no amulet)
HPRegen  0.11/turn              (no ring)
MPRegen  0.10/turn              (no ring)

@: very slightly contaminated, invisible
A: permanent stasis, dig shafts and tunnels, four strong arms, antennae 3
a: Dig, Shaft Self


You were on level 2 of the Dungeon.
You were not hungry.

You visited 1 branch of the dungeon, and saw 3 of its levels.

You collected 145 gold pieces.

Inventory:

Hand Weapons
 e - a +0 spear
 i - a +0 hand axe (weapon)
Missiles
 a - 12 arrows
Armour
 b - a +0 robe
 h - a +0 ring mail (worn)
 k - a +0 cloak (worn)
Scrolls
 c - 3 scrolls of identify
 f - a scroll of magic mapping {unknown}
 n - 3 scrolls of enchant weapon {unknown}
Potions
 l - a potion of might
 m - a potion of flight
Comestibles
 d - 4 rations


   Skills:
 + Level 2.7 Fighting
 * Level 2.3 Axes
 + Level 2.0 Armour
 - Level 1.9 Dodging
 - Level 3.0 Unarmed Combat
 - Level 2.1 Spellcasting
 - Level 2.1 Transmutations


You had 6 spell levels left.
You knew the following spells:

 Your Spells              Type           Power        Failure   Level  Hunger
a - Beastly Appendage     Tmut           #.....       26%         1    ##.....

Your spell library contained the following spells:

 Spells                   Type           Power        Failure   Level  Hunger
 Spider Form              Tmut/Pois      #.........   77%         3    ####...
 Blade Hands              Tmut           #.........   100%        5    ######.
 Ice Form                 Ice/Tmut       #.......     99%         4    #####..
 Sticks to Snakes         Tmut           #.......     38%         2    ###....


Dungeon Overview and Level Annotations

Branches:
Dungeon (3/15)

Altars:
Cheibriados
Gozag

Annotations:
D:2 Grinder


Innate Abilities, Weirdness & Mutations

You cannot be hasted, slowed, berserked, paralysed or teleported.
You can dig through walls and to a lower floor.
Your four strong arms can wield two-handed weapons with a shield.
You have a pair of large antennae on your head. (SInv)


Message History

You climb upwards.
There is a stone staircase leading down here.
It was a potion of invisibility.
You fade into invisibility!
Grinder barely misses you.
You are very lightly contaminated with residual magic.
It was a potion of degeneration.
There was something very wrong with that liquid.
You feel weakened.
You feel dopey.
You feel clumsy. Grinder hits you but does no damage.
Press: ? - help, v - describe, . - travel The floor.
Are you sure you want to shaft yourself?
You feel somewhat more hungry. Grinder hits you.
* * * LOW HITPOINT WARNING * * *
You writhe in agony.
* * * LOW HITPOINT WARNING * * *
You begin to dig a shaft.
You continue digging a shaft.
Grinder hits you.
You die...

#.#####...#
#.........#
#######...# #........#
### #.###.#.##
##.###.# #.#.#
##.#.##.# #.#.#
##.###.#.# #.#.# #.##
##..# #@#.# #
##.###.#####5#.# #
##.#......>...# #
##......##.### #
##.###.##.##### #
#)...........# #
#..##.##.###.#
#########..##.##.###.#
..............##.##..#


You could see Grinder.

Vanquished Creatures
  2 adders
  A worm (D:2)
  A dart slug (D:2)
  3 leopard geckos
  2 orcs (D:2)
  11 bats
  3 giant cockroaches
  4 goblins
  10 hobgoblins
  3 jackals (D:1)
  8 kobolds
  A quokka (D:2)
  5 frilled lizards
  6 rats
60 creatures vanquished.

Notes
Turn   | Place    | Note
-------+----------+-------------------------------------------
     0 | D:1      | bosm the Formicid Transmuter began the quest for the Orb.
     0 | D:1      | Reached XP level 1. HP: 15/15 MP: 3/3
   135 | D:1      | Reached XP level 2. HP: 12/22 MP: 3/5
   522 | D:1      | Reached skill level 1 in Armour
   545 | D:1      | Reached XP level 3. HP: 25/27 MP: 6/6
   562 | D:1      | Reached skill level 1 in Axes
  1126 | D:2      | Reached XP level 4. HP: 9/34 MP: 7/7
  1668 | D:2      | Found an opulent altar of Gozag.
  1868 | D:3      | Found a snail-covered altar of Cheibriados.
  2243 | D:3      | Noticed Grinder
  2438 | D:2      | Slain by Grinder

Skill      XL: |  1  2  3  4 |
---------------+-------------+-----
Fighting       | 2 |  2.7
Armour         | 1 2 |  2.0
Axes           | 1 2 |  2.3
Dodging        | |  1.9
Unarmed Combat | |  3.0
Spellcasting   | |  2.1
Transmutations | |  2.1

Action                   |  1- 3 |  4- 6 || total
-------------------------+-------+-------++-------
Melee: Spear             |    35 |       ||    35
       Kick              |     2 |     4 ||     6
       Hand axe          |   121 |    94 ||   215
       Punch             |     1 |     2 ||     3
 Cast: Beastly Appendage |     1 |     3 ||     4
 Abil: Dig               |     1 |       ||     1
       Shaft Self        |       |     1 ||     1
  Use: Potion            |       |     4 ||     4
       Scroll            |       |     3 ||     3
  Eat: Chunk             |     1 |     5 ||     6
Armor: Ring mail         |    60 |    58 ||   118
Dodge: Dodged            |   102 |    68 ||   170
